 Dungeon Crawl Stone Soup version 0.31.0-9-g3a7656b989 (webtiles) character file.

Game seed: 5436781967028090735

50 qw the Shooter (level 3, -1/20 HPs)
             Began as a Deep Elf Hunter on Feb 2, 2024.
             Slain by a gnoll
             ... wielding a +1 flail of protection
              (8 damage)
             ... on level 2 of the Dungeon.
             The game lasted 00:00:03 (915 turns).

qw the Shooter (Deep Elf Hunter)                     Turns: 915, Time: 00:00:03

Health: -1/20      AC:  6    Str: 10    XL:     3   Next: 55%
Magic:  5/5        EV: 11    Int: 13    God:
Gold:   30         SH:  0    Dex: 18    Spells: 2/2 levels left

rFire   . . .        a - +0 shortbow
rCold   . . .        (shield currently unavailable)
rNeg    . . .        m - +0 ring mail
rPois   .            (no helmet)
rElec   .            (no cloak)
rCorr   .            (no gloves)
SInv    .            l - +0 pair of boots
Will    .....        (no amulet)
Stlth   +            (no ring)
HPRegen 0.23/turn    (no ring)
MPRegen 0.09/turn

%: no passive effects
@: no status effects
A: no striking features
a: no special abilities


You were on level 2 of the Dungeon.
You visited 1 branch of the dungeon, and saw 2 of its levels.

You collected 30 gold pieces.


   Skills:
 - Level 1.5 Fighting
 + Level 7.1 Ranged Weapons
 - Level 2.4 Dodging
 - Level 1.2 Stealth


You had 2 spell levels left.
You didn't know any spells.
Your spell library was empty.

Inventory:

Hand Weapons
 a - a +0 shortbow (weapon)
Armour
 l - a +0 pair of boots (worn)
 m - a +0 ring mail (worn)
Potions
 g - a potion of resistance {unknown}
 k - a potion of brilliance {unknown}
 n - a potion of enlightenment {unknown}

Dungeon Overview and Level Annotations

Branches:
Dungeon (2/15)

Altars:


Message History

You shoot an arrow. The arrow hits the gnoll!
You kill the gnoll!
Your Ranged Weapons skill increases to level 7!
You start resting.
HP restored.
You climb downwards.
The gnoll hits you with a +1 flail of protection!
The hobgoblin hits you but does no damage.
The gnoll misses you. The hobgoblin closely misses you.
There is a stone staircase leading up, spattered with blood here.
You shoot an arrow. The arrow barely misses the gnoll.
The gnoll barely misses you. The hobgoblin closely misses you.
You shoot an arrow.
The arrow hits the gnoll but does no damage.
The hobgoblin closely misses you.
The gnoll hits you with a +1 flail of protection.
You shoot an arrow. The arrow barely misses the gnoll.
The gnoll hits you with a +1 flail of protection.
The hobgoblin barely misses you.
911 ||| DRINKING potion of heal wounds.
You feel much better.
The gnoll hits you with a +1 flail of protection.
The hobgoblin hits you.
You shoot an arrow. The arrow closely misses the gnoll.
The gnoll hits you with a +1 flail of protection.
The hobgoblin closely misses you.
The hobgoblin hits you but does no damage.
The gnoll closely misses you.
You shoot an arrow. The arrow closely misses the gnoll.
The hobgoblin barely misses you.
The gnoll hits you with a +1 flail of protection!
Ouch! That really hurt!
You shoot an arrow. The arrow hits the gnoll.
The gnoll is moderately wounded.
The hobgoblin closely misses you. The gnoll barely misses you.
You shoot an arrow.
The arrow hits the gnoll but does no damage.
The gnoll is moderately wounded.
The hobgoblin hits you but does no damage.
The gnoll hits you with a +1 flail of protection!
You die...

#########
#.....g@#
#.#####.g...#
#.....#
......#
#.......
......###
#######


You could see a gnoll and a hobgoblin.

Vanquished Creatures
  2 gnolls (D:1)
  An endoplasm (D:1)
  2 giant cockroaches (D:1)
  2 goblins (D:1)
  3 hobgoblins (D:1)
  2 kobolds (D:1)
  3 quokkas (D:1)
  4 ball pythons (D:1)
  2 bats (D:1)
  5 frilled lizards (D:1)
  4 rats (D:1)
30 creatures vanquished.

Notes
Turn   | Place    | Note
-------+----------+-------------------------------------------
     0 | D:1      | qw the Deep Elf Hunter began the quest for the Orb.
     0 | D:1      | Reached XP level 1. HP: 12/12 MP: 3/3
     0 | D:1      | 0 ||| qw: Version: 0.3-a-155-g5e7d8dd
     0 | D:1      | 0 ||| qw: Game counter: 1963
     0 | D:1      | 0 ||| qw: Melee chars always use a shield: true
     0 | D:1      | 0 ||| qw: God list: Okawaru
     0 | D:1      | 0 ||| qw: Allow faded altars: false
     0 | D:1      | 0 ||| qw: Do Orc after clearing Dungeon:15 true
     0 | D:1      | 0 ||| qw: Do second Lair branch before Depths: true
     0 | D:1      | 0 ||| qw: Lair rune preference: random
     0 | D:1      | 0 ||| qw: Goals: Normal
     0 | D:1      | 0 ||| PLANNING D:1-11
   152 | D:1      | Reached XP level 2. HP: 16/16 MP: 4/4
   162 | D:1      | Reached skill level 6 in Ranged Weapons
   189 | D:1      | Found a faded altar of an unknown god.
   485 | D:1      | Reached XP level 3. HP: 20/20 MP: 5/5
   628 | D:1      | 628 ||| UPGRADING to +0 pair of boots.
   633 | D:1      | 633 ||| UPGRADING to +0 ring mail.
   643 | D:1      | 643 ||| DROPPING +0 leather armour.
   644 | D:1      | 644 ||| READING scroll labelled PAIRETW XOTS.
   645 | D:1      | 645 ||| READING scroll labelled KAPHEASKOUSCH.
   646 | D:1      | 646 ||| READING scroll labelled CODOTT GOEDAXTE.
   747 | D:1      | 747 ||| READING scroll labelled NUGIOSAG FAAKKO.
   747 | D:1      | 747 ||| IDENTIFYING green potion
   748 | D:1      | 748 ||| READING scroll labelled ISATAI XESYD.
   749 | D:1      | 749 ||| READING scroll labelled IHASAU EMACI.
   750 | D:1      | 750 ||| DROPPING scroll of butterflies.
   796 | D:2      | 796 ||| STAIRDANCE
   848 | D:2      | 848 ||| STAIRDANCE
   853 | D:1      | Reached skill level 7 in Ranged Weapons
   910 | D:2      | HP: 5/20 [gnoll/+1 flail of protection (3)]
   911 | D:2      | 911 ||| DRINKING potion of heal wounds.
   915 | D:2      | Slain by a gnoll

Levels and vault maps discovered:
D:1:      elethiomel_arrival_shortcut, layout_loops_ring,
          ebering_ecumenical_altar_mist
D:2:      layout_loops_cross, basic_altar

Skill      XL: |  1  2  3 |
---------------+----------+-----
Ranged Weapons | 6 7 |  7.1
Fighting       | |  1.5
Dodging        | |  2.4
Stealth        | |  1.2

Action                     || total
---------------------------++-------
   Fire: Shortbow          ||    66
    Use: Scroll            ||     6
         Potion            ||     1
 Armour: Leather armour    ||     2
         Ring mail         ||    18
  Dodge: Dodged            ||    20

Table legend:
 A = Non-vault XP
 B = Vault XP
 C = Vault XP percentage of total XP
 D = Non-vault monster count
 E = Vault monster count
 F = Vault count percentage of total count
                 A         B        C        D         E       F
            +---------+---------+-------+---------+---------+-------
      Total |      72 |       0 |   0.0 |      30 |       0 |   0.0
            +---------+---------+-------+---------+---------+-------
        D:1 |      72 |       0 |   0.0 |      30 |       0 |   0.0
            +---------+---------+-------+---------+---------+-------
